 Dungeon Crawl Stone Soup version 0.25.0-26-g0c896c7088 (webtiles) character file.

Game seed: 3522857716376111673

1045 MisterFreud the Insei (level 8, -2/58 HPs)
             Began as a Demonspawn Abyssal Knight on July 5, 2020.
             Was a Believer of Lugonu.
             Slain by Menkaure (13 damage)
             ... on level 6 of the Dungeon.
             The game lasted 00:07:37 (4983 turns).

MisterFreud the Insei (Demonspawn Abyssal Knight)   Turns: 4983, Time: 00:07:37

Health: -2/58      AC: 14    Str: 18    XL:     8   Next: 4%
Magic:  9/9        EV:  8    Int: 16    God:    Lugonu [**....]
Gold:   217        SH: 10    Dex: 13    Spells: 7/7 levels left

rFire    . . .     SeeInvis .     - Unarmed
rCold    . . .     Gourm    .   w - +0 buckler
rNeg     . . .     Faith    .   c - +0 chain mail
rPois    .         Spirit   .   e - +0 helmet
rElec    .         Reflect  +   (no cloak)
rCorr    +         Harm     .   y - +1 pair of gloves
MR       .....                  (no boots)
Stlth    ..........             h - amulet of reflection
HPRegen  0.19/turn              d - +6 ring of strength
MPRegen  0.11/turn              A - ring of resist corrosion

@: no status effects
A: talons 1, molten scales 1, demonic guardian 1, spiny 1
a: Depart the Abyss, Bend Space, Renounce Religion


You were on level 6 of the Dungeon.
You worshipped Lugonu.
Lugonu was pleased with you.
You were not hungry.

You visited 1 branch of the dungeon, and saw 6 of its levels.
You visited the Abyss 1 time.

You collected 217 gold pieces.

Inventory:

Missiles
 l - a throwing net (quivered)
 n - 7 boomerangs of dispersal
 C - 10 poisoned darts
Armour
 c - a +0 chain mail (worn)
 e - a +0 helmet (worn)
 w - a +0 buckler (worn)
 y - a +1 pair of gloves (worn)
Jewellery
 d - a +6 ring of strength (left hand)
 h - an amulet of reflection (around neck)
 A - a ring of resist corrosion (right hand)
Wands
 v - a wand of disintegration (6)
Scrolls
 a - a scroll of fog {unknown}
 f - 2 scrolls of remove curse
 i - 2 scrolls of enchant armour {unknown}
 j - 2 scrolls of magic mapping {unknown}
 k - 2 scrolls of noise {unknown}
 m - a scroll of amnesia {unknown}
 q - 3 scrolls of identify {unknown}
 u - a scroll of teleportation {unknown}
 x - 2 scrolls of blinking {unknown}
Potions
 g - a potion of curing
 o - a potion of degeneration {unknown}
 p - 2 potions of heal wounds {unknown}
 r - 2 potions of lignification {unknown}
 s - a potion of stabbing {unknown}
 t - 2 potions of might {unknown}
 z - a potion of experience {unknown}
Comestibles
 b - 10 rations
 B - 5 chunks of flesh


   Skills:
 - Level 3.0 Fighting
 + Level 3.2 Armour
 + Level 2.6 Dodging
 - Level 4.0 Shields
 + Level 6.6 Unarmed Combat
 - Level 2.4 Invocations


You had 7 spell levels left.
You didn't know any spells.
Your spell library was empty.

Dungeon Overview and Level Annotations

Branches:
Dungeon (5/15)
 Temple: D:4-7

Altars:
Sif Muna
Yredelemnul
The Shining One

Annotations:
D:6 Menkaure


Innate Abilities, Weirdness & Mutations

You have sharp toenails.
You are partially covered in molten scales. (AC +2)
A weak demonic guardian rushes to your aid.
You are partially covered in sharp spines.


Message History

Menkaure, Prince of Dust comes into view.
Menkaure shouts!
Menkaure moves out of view.
Found a puce potion.
Menkaure calls on the powers of darkness!
Your body is wracked with pain!
You see here a ration.
Found a scroll labeled JIBOOBI GEIL and a hunting sling.
Menkaure calls on the powers of darkness!
Your body is wracked with pain!
* * * LOW HITPOINT WARNING * * *
Found 3 gold pieces and a scroll labeled MAVVIE ENODA.
You closely miss Menkaure. You claw Menkaure, but do no damage.
Menkaure hits you!
* * * LOW HITPOINT WARNING * * *
It was a potion of curing.
You feel better.
You hit Menkaure. You claw Menkaure.
Menkaure is moderately damaged.
Menkaure hits you!
You die...

#......÷.#########
+.......÷>........
#........######.##
##>........ #..#
#......... ##.#
#%.(......# #..
#.........# ##.
########5........######.
.......@.........+......
##..$..M....$... #######
#.............. #
#.....!........
#..........####
#....?....)#
#.......?..#
#..........#


You could see Menkaure and a friendly iron imp (summoned).

Vanquished Creatures
  Eustachio (D:4)
  A sky beast (D:6)
  A black bear (D:6)
  An ogre (D:4)
  A phantom (D:5)
  A bullfrog (D:6)
  2 bullfrog zombies
  A gnoll shaman (D:4)
  An orc priest (D:3)
  Ijyb (D:4)
  Natasha (twice) (D:4)
  10 adders
  7 gnolls
  A howler monkey skeleton (D:4)
  2 oozes
  An adder zombie (D:5)
  4 worms
  A dart slug (D:1)
  2 leopard geckos
  4 orcs (D:3)
  4 giant cockroaches
  7 goblins
  A hobgoblin (D:1)
  9 jackals
  8 kobolds
  A ball python (D:3)
  A bat (D:1)
  4 frilled lizards
  8 rats
88 creatures vanquished.

Vanquished Creatures (collateral kills)
  A sky beast (D:6)
  A howler monkey (D:5)
  An orc wizard (D:3)
  A gnoll (D:3)
  2 orcs (D:3)
  A jackal (D:6)
7 creatures vanquished.

Grand Total: 95 creatures vanquished

Notes
Turn   | Place    | Note
-------+----------+-------------------------------------------
     0 | Abyss:1  | MisterFreud the Demonspawn Abyssal Knight began the quest
                  | for the Orb.
     0 | Abyss:1  | Reached XP level 1. HP: 18/18 MP: 2/2
    56 | Abyss:1  | Noticed a starcursed mass
    58 | D:1      | Escaped the Abyss
   260 | D:1      | Reached skill level 2 in Unarmed Combat
   287 | D:1      | Reached * piety under Lugonu
   526 | D:1      | Gained mutation: You are partially covered in molten
                  | scales. (AC +2) [demonic ancestry]
   526 | D:1      | Reached XP level 2. HP: 12/24 MP: 3/3
  1191 | D:2      | Reached skill level 3 in Unarmed Combat
  1259 | D:2      | Reached XP level 3. HP: 25/29 MP: 4/4
  1660 | D:2      | Reached skill level 4 in Unarmed Combat
  1660 | D:2      | Gained mutation: You are partially covered in sharp spines.
                  | [demonic ancestry]
  1660 | D:2      | Reached XP level 4. HP: 31/35 MP: 5/5
  1819 | D:2      | Found a glowing golden altar of the Shining One.
  2689 | D:3      | Gained mutation: A weak demonic guardian rushes to your
                  | aid. [demonic ancestry]
  2689 | D:3      | Reached XP level 5. HP: 36/41 MP: 6/6
  2704 | D:3      | Reached skill level 5 in Unarmed Combat
  2851 | D:3      | Reached ** piety under Lugonu
  3010 | D:3      | Found a faded altar of an unknown god.
  3152 | D:3      | Found a shimmering blue altar of Sif Muna.
  3254 | D:4      | Noticed Ijyb
  3257 | D:4      | Killed Ijyb
  3612 | D:4      | Gained mutation: You have sharp toenails. [demonic
                  | ancestry]
  3612 | D:4      | Reached XP level 6. HP: 46/47 MP: 7/7
  3623 | D:4      | Reached skill level 1 in Shields
  3839 | D:4      | Noticed Eustachio
  3853 | D:4      | Reached skill level 6 in Unarmed Combat
  3868 | D:4      | Killed Eustachio
  4048 | D:4      | Noticed Natasha
  4053 | D:4      | Killed Natasha
  4053 | D:4      | Reached XP level 7. HP: 52/52 MP: 8/8
  4179 | D:4      | Noticed Natasha
  4184 | D:4      | Killed Natasha
  4354 | D:5      | Entered Level 5 of the Dungeon
  4504 | D:5      | Reached skill level 1 in Dodging
  4624 | D:5      | You fall into a shaft and drop 1 floor!
  4725 | D:6      | Found a basalt altar of Yredelemnul.
  4843 | D:6      | Reached XP level 8. HP: 35/58 MP: 9/9
  4976 | D:6      | Noticed Menkaure
  4983 | D:6      | Slain by Menkaure

Illustrated notes

Levels and vault maps discovered:
D:1:      erik_arrival_blinker_ship, layout_loops_ring
D:2:      layout_loops_ring, tso_metal_star
D:3:      layout_rooms, chequers_ecumenical_altar_simple_redux, tgw_sif
D:4:      layout_basic, uniq_ijyb, uniq_eustachio, uniq_natasha
D:5:      layout_basic, serial_shops, shop, first_ration
D:6:      layout_basic, lemuel_doored_altar, uniq_menkaure

Skill      XL: |  1  2  3  4  5  6  7 |
---------------+----------------------+-----
Unarmed Combat | 2 3 4 5 6 |  6.6
Shields        | 3 4 |  4.0
Armour         | 3 |  3.2
Dodging        | 2 |  2.6
Fighting       | |  3.0
Invocations    | |  2.4

Action                   |  1- 3 |  4- 6 |  7- 9 || total
-------------------------+-------+-------+-------++-------
Melee: Unarmed           |   159 |   140 |    58 ||   357
       Punch             |     1 |     1 |       ||     2
       Kick              |       |     7 |    18 ||    25
Invok: Depart the Abyss  |     1 |       |       ||     1
Evoke: Wand              |       |     4 |       ||     4
  Use: Scroll            |       |     1 |     1 ||     2
       Potion            |       |       |     1 ||     1
 Stab: Distracted        |       |     1 |       ||     1
  Eat: Chunk             |     2 |     8 |     3 ||    13
Armor: Leather armour    |    14 |       |       ||    14
       Chain mail        |    63 |    69 |    27 ||   159
Dodge: Dodged            |    53 |    36 |    14 ||   103
Block: Other             |    20 |    20 |       ||    40
       Reflection        |       |     1 |       ||     1
       Buckler           |       |    12 |    21 ||    33
